 Dungeon Crawl Stone Soup version 0.31-a0-237-g2d982f9f85 (webtiles) character file.

Game seed: 14028155683948113465

95 qw the Shooter (level 4, -2/36 HPs)
             Began as a Minotaur Hexslinger on July 10, 2023.
             Slain by a gnoll
             ... wielding a +0 club
              (4 damage)
             ... on level 3 of the Dungeon.
             The game lasted 00:00:48 (1472 turns).

qw the Shooter (Minotaur Hexslinger)                Turns: 1472, Time: 00:00:48

Health: -2/36      AC:  5    Str: 12    XL:     4   Next: 39%
Magic:  4/4        EV: 12    Int: 10    God:
Gold:   151        SH:  0    Dex: 15    Spells: 4/5 levels left

rFire   + . .        Y - +2 sling
rCold   . . .        (no shield)
rNeg    . . .        b - +2 robe {rF+}
rPois   .            (helmet restricted)
rElec   .            (no cloak)
rCorr   .            (no gloves)
SInv    .            g - +0 pair of boots
Will    .....        (no amulet)
Stlth   +            (no ring)
HPRegen 0.26/turn    (no ring)
MPRegen 0.09/turn

%: no passive effects
@: no status effects
A: horns 2, retaliatory headbutt
a: no special abilities


You were on level 3 of the Dungeon.
You visited 1 branch of the dungeon, and saw 3 of its levels.

You collected 151 gold pieces.


Innate Abilities, Weirdness & Mutations

You have a pair of horns on your head.
You reflexively headbutt those who attack you in melee.


   Skills:
 - Level 2.0 Fighting
 + Level 4.9 Ranged Weapons
 - Level 2.1 Dodging
 - Level 1.0 Spellcasting
 - Level 2.0 Hexes


You had 4 spell levels left.
You knew the following spells:

 Your Spells              Type           Power      Damage    Failure   Level
a - Slow                  Hex            16%        N/A       16%         1

Your spell library contained the following spells:

 Spells                   Type           Power      Damage    Failure   Level
 Inner Flame              Hex/Fire       2%         N/A       56%         3
 Portal Projectile        Hex/Tloc       4%         N/A       56%         3
 Cause Fear               Hex            2%         N/A       83%         4

Inventory:

Hand Weapons
 Y - a +2 sling (weapon)
Armour
 b - a +2 robe of fire resistance (worn)
 g - a +0 pair of boots (worn)
Scrolls
 d - a scroll of identify
Potions
 a - a potion of curing
 f - a potion of haste
 h - a potion of degeneration {unknown}
 i - a potion of lignification {unknown}
 j - a potion of might {unknown}

Dungeon Overview and Level Annotations

Branches:
Dungeon (3/15)

Altars:
Fedhas


Message History

The sling bullet completely misses the gnoll.
The sling bullet barely misses the gnoll.
The gnoll hits you from afar with a +0 spear.
The gnoll barely misses you. You furiously retaliate!
You headbutt the gnoll. You shoot a sling bullet.
The sling bullet hits the gnoll.
You kill the gnoll!
The gnoll closely misses you.
You shoot a sling bullet. The sling bullet hits the gnoll!
The gnoll is severely wounded.
The gnoll hits you from afar with a +0 spear.
The gnoll closely misses you.
You shoot a sling bullet.
The sling bullet closely misses the gnoll.
The gnoll closely misses you.
The gnoll hits you from afar with a +0 spear.
You shoot a sling bullet.
The sling bullet closely misses the gnoll.
The gnoll hits you with a +0 club.
The gnoll hits you from afar with a +0 spear.
You shoot a sling bullet. The sling bullet hits the gnoll.
The gnoll is lightly wounded.
The gnoll hits you with a +0 club. The gnoll barely misses you.
You shoot a sling bullet. The sling bullet hits the gnoll.
The gnoll is heavily wounded.
The gnoll hits you but does no damage. The gnoll closely misses you.
You shoot a sling bullet.
The sling bullet barely misses the gnoll.
The gnoll barely misses you. The gnoll hits you but does no damage.
You shoot a sling bullet. The sling bullet hits the gnoll.
The gnoll is almost dead.
The gnoll closely misses you.
The gnoll hits you from afar with a +0 spear.
The gnoll hits you with a +0 club. The gnoll completely misses you.
You shoot a sling bullet.
The sling bullet barely misses the gnoll.
The gnoll hits you with a +0 club. The gnoll closely misses you.
You shoot a sling bullet.
The sling bullet closely misses the gnoll.
The gnoll hits you with a +0 club.
You die...

#.....# ##...#
#.....######..#.#
#.....#......##.#
#.).....#######.#
#.....### #.# #
....### #.# ...
....#
#######.####...#
....#
#..............#
....#
..####.#@g##...#
....#. .......)##
. ......
.......g. ....##.
........... ....#
.###..#.....
....# #..........
....#
#...###...#.#
##### #..#
#.......


You could see 2 gnolls.

Vanquished Creatures
  2 gnolls (D:3)
  2 adders (D:2)
  A dart slug (D:3)
  6 bats
  5 endoplasms
  2 giant cockroaches
  9 goblins
  3 hobgoblins
  3 quokkas
  A ball python (D:2)
  7 frilled lizards
  10 kobolds
  3 rats
54 creatures vanquished.

Notes
Turn   | Place    | Note
-------+----------+-------------------------------------------
     0 | D:1      | qw the Minotaur Hexslinger began the quest for the Orb.
     0 | D:1      | Reached XP level 1. HP: 16/16 MP: 1/1
     0 | D:1      | 0 ||| qw: Version: 0.3-a-52-g30416fa
     0 | D:1      | 0 ||| qw: Game counter: 5195
     0 | D:1      | 0 ||| qw: Melee chars always use a shield: true
     0 | D:1      | 0 ||| qw: God list: Okawaru
     0 | D:1      | 0 ||| qw: Allow faded altars: false
     0 | D:1      | 0 ||| qw: Do Orc after clearing Dungeon:15 true
     0 | D:1      | 0 ||| qw: Do second Lair branch before Depths: true
     0 | D:1      | 0 ||| qw: Lair rune preference: random
     0 | D:1      | 0 ||| qw: Goals: Normal
     0 | D:1      | 0 ||| PLANNING D:1-11
   124 | D:1      | Reached skill level 3 in Ranged Weapons
   125 | D:1      | Reached XP level 2. HP: 23/23 MP: 2/2
   244 | D:1      | Noticed a golden eye
   246 | D:1      | Found a faded altar of an unknown god.
   249 | D:1      | Noticed a floating eye
   249 | D:1      | Noticed a great orb of eyes
   249 | D:1      | Noticed a shining eye
   363 | D:1      | 363 ||| Stepping ~*~*~tactically~*~*~ (outnumbered).
   396 | D:1      | 396 ||| UPGRADING to +0 pair of boots.
   411 | D:1      | 411 ||| READING scroll labelled LILERREVUXT.
   422 | D:1      | 422 ||| READING scroll labelled ACOSTR JI NEO.
   425 | D:1      | 425 ||| READING scroll labelled EZIAT XUMY.
   549 | D:1      | Reached XP level 3. HP: 29/29 MP: 3/3
   651 | D:1      | 651 ||| DRINKING 2 dark potions.
   652 | D:1      | 652 ||| DROPPING scroll of poison.
   707 | D:2      | Reached skill level 4 in Ranged Weapons
   978 | D:2      | 978 ||| FLEEEEING.
   979 | D:2      | 979 ||| FLEEEEING.
   980 | D:2      | 980 ||| FLEEEEING.
   981 | D:2      | 981 ||| FLEEEEING.
   982 | D:2      | 982 ||| FLEEEEING.
   983 | D:2      | 983 ||| FLEEEEING.
   984 | D:2      | 984 ||| FLEEEEING.
   985 | D:2      | 985 ||| FLEEEEING.
   988 | D:2      | 988 ||| FLEEEEING.
  1260 | D:2      | 1260 ||| UPGRADING to +0 leather armour.
  1270 | D:2      | 1270 ||| UPGRADING to +2 robe of fire resistance.
  1280 | D:2      | 1280 ||| DROPPING +0 leather armour.
  1281 | D:2      | 1281 ||| DROPPING +0 robe.
  1282 | D:2      | 1282 ||| READING scroll labelled JOANWU UDOMP.
  1283 | D:2      | 1283 ||| READING scroll labelled NEULOBBUSUPY.
  1305 | D:3      | 1305 ||| FLEEEEING.
  1306 | D:3      | 1306 ||| FLEEEEING.
  1307 | D:3      | 1307 ||| FLEEEEING.
  1309 | D:3      | 1309 ||| STAIRDANCE
  1327 | D:3      | Reached XP level 4. HP: 36/36 MP: 4/4
  1339 | D:3      | Found a blossoming altar of Fedhas.
  1373 | D:3      | 1373 ||| DRINKING 2 sapphire potions.
  1470 | D:3      | HP: 7/36 [gnoll/+0 club (3)]
  1471 | D:3      | HP: 2/36 [gnoll/+0 club (6)]
  1472 | D:3      | Slain by a gnoll

Levels and vault maps discovered:
D:1:      evilmike_arrival_hilbert_curve, layout_basic,
          hellmonk_ecumenical_altar_watching_god, lexackson_kobold_supper
D:2:      layout_basic, minmay_misc_feat_rows, kennysheep_crisscross
D:3:      layout_rooms, fedhas_ov_isle_minmay, serial_glass, glass_columns_b,
          glass_columns_c, nrook_mini_backslash, uniq_ijyb, uniq_natasha

Skill      XL: |  1  2  3 |
---------------+----------+-----
Ranged Weapons | 3 4 |  4.9
Fighting       | 2 |  2.0
Dodging        | |  2.1
Spellcasting   | |  1.0
Hexes          | |  2.0

Action                     |  1- 3 |  4- 6 || total
---------------------------+-------+-------++-------
   Fire: Sling             |   120 |    31 ||   151
    Use: Scroll            |     5 |       ||     5
         Potion            |     1 |     1 ||     2
 Armour: Robe              |     8 |     2 ||    10
  Dodge: Dodged            |    24 |    15 ||    39

Table legend:
 A = Non-vault XP
 B = Vault XP
 C = Vault XP percentage of total XP
 D = Non-vault monster count
 E = Vault monster count
 F = Vault count percentage of total count
                 A         B        C        D         E       F
            +---------+---------+-------+---------+---------+-------
      Total |     126 |      10 |   7.4 |      46 |       8 |  14.8
            +---------+---------+-------+---------+---------+-------
        D:1 |      31 |      10 |  24.4 |      17 |       8 |  32.0
        D:2 |      52 |       0 |   0.0 |      18 |       0 |   0.0
        D:3 |      43 |       0 |   0.0 |      11 |       0 |   0.0
            +---------+---------+-------+---------+---------+-------
